Unix NetHack Version 3.7.0-87 Work-in-progress - last build Jul 6 2023 03:31:47 (95ed96c5f904f8c939670f77da02ce65a080bf33,branch:master). Game began 2023-07-12 12:58:11, ended 2023-07-12 13:56:14. ardi, neutral male human Barbarian --------------- # |.............| ----.-- ----- |..............### ##......-# #-...-# |.....<.......| # # |.....|# #|...|# |..............########-.....|# #|...|# ------|--.----- #0 # -------# #|...|# @### #### # ##-----# ###### # # ### # # ##### # # # # # -+--- # # # # ##### |^..|#################### ## ---.------ |.{)|# #--------# # |........| |.}.|# #|..:...|# #----- |........| ##.)..|# #|.......# #|...| |........| |..).# #|......|# #....| |........| |...|# #|......|#### |...| |........| -----# #|......| ######....| ---------- ######## #-......| ----- -------- Ardi the Pillager St:18 Dx:17 Co:17 In:8 Wi:6 Ch:7 Neutral S:3775 Dlvl:3 $:3301 HP:0(34) Pw:10(10) AC:1 Xp:4/91 T:3100 Starved Burdened Deaf Latest messages: You faint from lack of food. You regain consciousness. You swap places with Ferdinand. You faint from lack of food. You regain consciousness. You stop. Ferdinand is in the way! You faint from lack of food. You regain consciousness. You can hear again. You swap places with Ferdinand. You faint from lack of food. Ferdinand bites the dwarf zombie. The dwarf zombie misses Ferdinand. Ferdinand misses the dwarf zombie. The dwarf zombie hits! Ferdinand bites it. It hits Ferdinand. Ferdinand bites it. It misses Ferdinand. Ferdinand misses it. The dwarf zombie hits! Ferdinand bites it. Ferdinand misses the dwarf zombie. The dwarf zombie hits! Ferdinand bites the dwarf zombie. The dwarf zombie misses Ferdinand. The dwarf zombie just misses! Ferdinand bites the dwarf zombie. The dwarf zombie is destroyed! You regain consciousness. You faint from lack of food. You regain consciousness. What do you want to zap? [ivyB or ?*] You reveal 2 secret doors! You detect an invisible monster! You faint from lack of food. You regain consciousness. The door resists! You can hear again. You faint from lack of food. Ferdinand bites it. You regain consciousness. The door opens. You faint from lack of food. You die from starvation. Do you want your possessions identified? [ynq] (y) Do you want to see your attributes? [ynq] (y) Do you want an account of creatures vanquished? [ynaq] (y) Do you want to see your conduct and achievements? [ynq] (y) Do you want to see the dungeon overview? [ynq] (y) Inventory: Coins $ - 3301 gold pieces Amulets C - a cursed amulet of strangulation named c Weapons H - a +0 elven dagger a - a +0 battle-axe (weapon in hands) Armor u - an uncursed +0 pair of iron shoes (being worn) q - an uncursed +0 plate mail (being worn) Scrolls f - an uncursed scroll of create monster t - an uncursed scroll of remove curse r - an uncursed scroll of taming Potions x - an uncursed potion of blindness n - a cursed potion of confusion w - 2 uncursed potions of extra healing l - 3 uncursed potions of healing g - a cursed potion of object detection Rings A - an uncursed ring of hunger (on left hand) h - an uncursed ring of poison resistance (on right hand) Wands i - a wand of polymorph (0:4) B - a wand of secret door detection (0:10) v - a wand of slow monster (1:7) y - a wand of striking (0:4) Tools z - an uncursed skeleton key Gems/Stones G - 2 cursed jasper stones named c j - 2 uncursed worthless pieces of green glass k - an uncursed worthless piece of white glass p - 6 uncursed flint stones Ardi the Barbarian's attributes: Background: You were a Pillager, a level 4 male human Barbarian. You were neutral, on a mission for Crom who was opposed by Mitra (lawful) and Set (chaotic). You were in the Dungeons of Doom, on level 3. You entered the dungeon 3100 turns ago. You had 91 experience points, 69 more were needed to attain level 5. Your score was 3775 before end-of-game adjustments. Basics: You had 0 out of 34 hit points. You had all 10 energy points (spell power). Your armor class was 1. Your wallet contained 3301 zorkmids. Autopickup was off. Final Characteristics: Your strength was 18 (base:18/01, limit:18/100). Your dexterity was 17 (limit:18). Your constitution was 17 (limit:18). Your intelligence was 8 (limit:18). Your wisdom was 6 (peak:7, limit:18). Your charisma was 7 (limit:18). Final Status: You were deaf. You hungered rapidly. You were starved. You were burdened; movement was slightly slowed. You were wielding an axe. You had basic skill with axe. Final Attributes: You were piously aligned. You were poison resistant. You were telepathic. You were guarded. You are dead. Miscellaneous: You never encountered a bones level. Total elapsed playing time was 58 minutes. Major events: Turn 1: ardi the neutral male human Barbarian entered the dungeon 1291: killed Kabalebo the monkey, the general store proprietor 1583: attained the rank of Pillager (level 3) 3100: died of starvation, while fainted Vanquished creatures: a shrieker a floating eye a kitten a homunculus a monkey 2 dwarf zombies a werejackal an iguana an acid blob 2 hobbits 2 manes 4 giant rats a red mold 3 geckos 6 jackals 2 foxes 2 goblins 4 grid bugs a lichen 2 kobold zombies 7 newts 46 creatures vanquished. No species were genocided or became extinct. Voluntary challenges: You read items or engraved 1 time. You never engraved Elbereth. You never genocided any monsters. You never changed form. You used no wishes. Achievement: You attained the rank of Pillager. The Dungeons of Doom: levels 1 to 3 Level 1: Level 2: An untended shop, an altar to Crom. Level 3: <- You were here. A fountain. Final resting place for you, died of starvation, while fainted. Game over: ---------- / \ / REST \ / IN \ / PEACE \ / \ | ardi | | 3301 Au | | died of | | starvation | | | | | | 2023 | *| * * * | * _________)/\\_//(\/(/\)/\//\/|_)_______ Goodbye ardi the Barbarian... You starved in The Dungeons of Doom on dungeon level 3 with 3445 points, and 3301 pieces of gold, after 3100 moves. You were level 4 with a maximum of 34 hit points when you starved.